Map: Romanticide LE

Players

PartinG

  • Race: Protoss Protoss
  • League: Grandmaster
  • Spawn Location: 5:00

SpeCial - Winner!

  • Race: Terran Terran
  • League: Master
  • Spawn Location: 11:00

Event: ASUS ROG Online 2020

VOD

Have the link to the VOD?

Description

Time

  • Played on: Nov. 27, 2020, 7:39 a.m.
  • Length: 14:52

All games in this series

Show
View Real Time Build Order
Export as new Build Order

PartinG Protoss 

Build Orders: 1 Gate Expand, Colossus Rush, Dark Templar Rush 

Get SALT Encoding   

  12  0:00  Probe  
  13  0:12  Probe  
  14  0:17  Pylon  
  14  0:24  Probe (Chrono Boost)  
  15  0:36  Gateway, Probe (Chrono Boost)  
  16  0:43  Probe (Chrono Boost)  
  16  0:45  Assimilator  
  17  0:51  Probe  
  18  1:03  Probe  
  19  1:15  Probe  
  20  1:23  Cybernetics Core  
  20  1:32  Nexus  
  20  1:33  Probe  
  21  1:40  Pylon  
  21  1:47  Assimilator  
  21  1:48  Probe  
  22  1:56  Adept (Chrono Boost)  
  24  2:02  Shield Battery  
  24  2:03  Probe  
  24  2:07  Warp Gate  
  25  2:17  Stalker (Chrono Boost), Probe  
  28  2:29  Probe  
  29  2:31  Twilight Council  
  30  2:44  Probe (Chrono Boost)  
  30  2:45  Probe (Chrono Boost)  
  31  2:54  Probe (Chrono Boost)  
  31  2:56  Probe (Chrono Boost)  
  33  3:01  Robotics Facility  
  33  3:05  Probe x2  
  35  3:19  Probe x2  
  37  3:24  Dark Shrine  
  35  3:29  Gateway  
  35  3:31  Gateway, Probe x2  
  37  3:36  Assimilator  
  37  3:39  Assimilator  
  37  3:43  Probe x2  
  37  3:45  Warp Prism (Chrono Boost)  
  39  3:55  Stalker  
  43  3:57  Probe x2 (Chrono Boost)  
  45  4:02  Pylon  
  45  4:09  Probe (Chrono Boost)  
  46  4:10  Pylon  
  46  4:19  Observer  
  46  4:20  Probe (Chrono Boost)  
  46  4:21  Probe (Chrono Boost)  
  46  4:28  Probe  
  47  4:32  Probe  
  47  4:37  Dark Templar x3  
  54  4:42  Probe  
  54  4:44  Probe  
  56  4:47  Robotics Bay  
  56  4:57  Probe x2  
  58  5:01  Observer  
  57  5:09  Probe x2  
  59  5:16  Pylon, Nexus  
  59  5:19  Stalker x2  
  57  5:23  Charge (Chrono Boost), Probe x2  
  60  5:30  Colossus (Chrono Boost)  
  65  5:36  Probe  
  65  5:37  Probe  
  65  5:41  Extended Thermal Lance  
  67  5:45  Pylon  
  67  5:48  Sentry  
  67  5:49  Probe  
  70  6:02  Pylon  
  70  6:03  Probe x2  
  71  6:04  Pylon  
  71  6:08  Phoenix  
  68  6:15  Sentry, Probe x2  
  72  6:24  Gateway  
  72  6:25  Gateway  
  72  6:26  Gateway  
  72  6:28  Probe  
  72  6:29  Forge  
  73  6:35  Probe  
  73  6:36  Probe  
  73  6:39  Colossus (Chrono Boost)  
  75  6:40  Probe  
  75  6:46  Pylon  
  82  6:49  Observer, Probe  
  82  6:50  Probe  
  82  6:52  Observer, Probe  
  85  6:57  Protoss Ground Weapons Level 1 (Chrono Boost)  
  85  7:00  Gateway x2  
  85  7:08  Zealot x3, Observer  
  91  7:24  Warp Prism (Chrono Boost), Gateway x2  
  89  7:32  Stalker  
  89  7:33  Stalker x2  
  92  7:38  Probe x3  
  95  7:45  Photon Cannon  
  95  7:46  Zealot x2  
  95  7:47  Zealot  
  101  7:52  Observer  
  101  7:53  Observer  
  102  7:59  Zealot  
  102  8:00  Zealot x4  
  114  8:09  Pylon  
  114  8:10  Pylon  
  112  8:16  Dark Templar x2  
  116  8:20  Archon  
  116  8:22  Pylon  
  116  8:29  Observer  
  116  8:31  Dark Templar  
  116  8:32  Zealot, Dark Templar x3  
  126  8:37  Archon x2  
  126  8:38  Zealot x2  
  126  8:39  Zealot  
  132  8:50  Observer  
  125  9:00  Probe x3  
  102  9:10  Zealot x10  
  76  9:33  Stalker x8  
  76  9:35  Zealot  
  92  9:38  Zealot  
  92  9:40  Observer  
  70  10:03  Protoss Ground Weapons Level 2 (Chrono Boost)  
  70  10:04  Stargate  
  70  10:07  Blink (Chrono Boost)  
  70  10:11  Stalker x6  
  82  10:16  Nexus  
  82  10:31  Stalker x4  
  90  10:36  Stalker  
  90  10:37  Stalker  
  90  10:41  Observer  
  94  10:46  Probe x2  
  94  10:47  Probe  
  97  10:50  Phoenix (Chrono Boost), Pylon  
  97  10:51  Gravitic Boosters (Chrono Boost)  
  97  10:53  Pylon  
  99  10:58  Assimilator, Probe  
  99  10:59  Assimilator, Probe x2  
  102  11:08  Pylon  
  102  11:10  Phoenix, Photon Cannon  
  104  11:27  Disruptor (Chrono Boost)  
  104  11:28  Probe (Chrono Boost)  
  111  11:33  Robotics Facility  
  111  11:35  Probe x3 (Chrono Boost)  
  111  11:38  Probe (Chrono Boost)  
  111  11:39  Zealot x8  
  128  11:44  Probe x2  
  128  11:45  Probe  
  131  11:52  Disruptor (Chrono Boost)  
  103  12:08  Phoenix  
  134  12:11  Nexus  
  134  12:14  Photon Cannon  
  136  12:17  Photon Cannon  
  136  12:18  Disruptor (Chrono Boost)  
  136  12:19  Disruptor (Chrono Boost)  
  142  12:32  Zealot x8  
  142  12:37  Observer  
  158  12:43  Disruptor (Chrono Boost)  
  158  12:44  Disruptor (Chrono Boost)  
  154  12:45  Observer  
  156  12:53  Stalker x6  
  147  13:12  Zealot x4  
  134  13:20  Observer  
  134  13:22  Zealot x6  
  134  13:31  Shield Battery  
  134  13:32  Shield Battery  
  116  13:39  Zealot x3  
  120  13:51  Zealot x2  
  120  13:52  Zealot x3  
  130  14:02  Zealot x3  
  125  14:08  Zealot  
  113  14:17  Zealot x3  
  113  14:19  Zealot  
  109  14:34  Zealot x3  
Show
View Real Time Build Order
Export as new Build Order

SpeCial Terran - Winner!

Build Orders: Reaper Expand, Mech 

Get SALT Encoding   

  12  0:00  SCV  
  13  0:12  SCV  
  14  0:17  Supply Depot  
  14  0:24  SCV  
  15  0:39  SCV  
  15  0:41  Barracks  
  16  0:43  Refinery  
  16  0:51  SCV  
  17  1:03  SCV  
  18  1:15  SCV  
  19  1:29  Orbital Command, Reaper  
  20  1:47  Command Center  
  20  1:54  Supply Depot  
  20  1:55  SCV  
  21  2:01  Barracks Reactor  
  21  2:07  SCV  
  22  2:19  SCV  
  22  2:20  Factory  
  23  2:25  Refinery  
  23  2:31  SCV  
  24  2:37  Marine x2  
  24  2:43  SCV  
  27  2:55  SCV, Marine x2  
  32  3:05  Hellion  
  32  3:06  Orbital Command  
  32  3:07  Starport  
  32  3:08  SCV  
  33  3:12  Marine  
  33  3:13  Marine  
  34  3:24  SCV  
  34  3:28  Factory Tech Lab  
  34  3:32  SCV  
  35  3:37  SCV  
  36  3:41  Command Center  
  36  3:45  SCV  
  37  3:48  Marine x2  
  37  3:49  SCV  
  37  3:54  Supply Depot  
  37  3:55  Raven  
  40  3:59  Factory Tech Lab  
  40  4:00  SCV  
  43  4:03  SCV  
  43  4:09  Marine x2  
  46  4:16  Supply Depot  
  46  4:17  SCV  
  46  4:22  Siege Tank  
  48  4:26  Bunker  
  48  4:27  SCV  
  48  4:29  SCV  
  48  4:30  Marine x2  
  52  4:38  Viking  
  51  4:39  SCV  
  51  4:41  SCV  
  51  4:42  Supply Depot  
  55  4:48  Marine x2  
  55  4:52  SCV  
  55  5:02  Orbital Command  
  55  5:06  Marine x2  
  52  5:13  SCV  
  53  5:20  Banshee, Cloaking Field  
  56  5:21  SCV  
  56  5:23  Marine  
  56  5:26  Refinery, Marine  
  56  5:27  Refinery  
  59  5:30  SCV x2  
  59  5:33  SCV  
  62  5:41  Marine  
  62  5:42  SCV x2  
  65  5:45  SCV  
  66  5:54  SCV  
  67  6:01  SCV  
  68  6:04  Banshee  
  68  6:06  SCV  
  68  6:10  Orbital Command  
  71  6:13  SCV  
  71  6:14  Siege Tank  
  75  6:18  SCV  
  75  6:22  Engineering Bay  
  75  6:24  Supply Depot  
  75  6:25  SCV  
  77  6:30  SCV  
  78  6:34  Factory  
  78  6:36  Factory  
  78  6:37  SCV  
  79  6:40  SCV  
  79  6:41  Supply Depot  
  79  6:42  Supply Depot  
  79  6:43  SCV  
  79  6:45  Hyperflight Rotors  
  81  6:49  SCV  
  81  6:52  SCV  
  81  6:53  Banshee  
  86  6:55  SCV  
  87  7:01  Refinery, SCV  
  87  7:02  Refinery  
  87  7:03  Siege Tank  
  87  7:04  SCV  
  87  7:07  Supply Depot, SCV  
  93  7:13  SCV  
  94  7:17  Factory Tech Lab, SCV  
  94  7:19  SCV  
  100  7:23  Hellion x2  
  100  7:24  Armory  
  100  7:25  SCV  
  100  7:29  SCV  
  102  7:31  SCV  
  102  7:35  Banshee  
  102  7:36  Armory  
  106  7:37  SCV  
  106  7:41  SCV  
  106  7:42  Missile Turret  
  106  7:43  SCV  
  109  7:44  Sensor Tower  
  109  7:45  Hellion x3  
  109  7:48  Hellion  
  117  7:59  Supply Depot, SCV x3  
  117  8:00  Supply Depot  
  117  8:05  Factory  
  120  8:06  Factory  
  120  8:09  Supply Depot  
  120  8:11  Widow Mine x2, SCV  
  124  8:21  Siege Tank x2  
  130  8:27  Terran Vehicle Weapons Level 1  
  130  8:28  Terran Vehicle And Ship Armor Level 1  
  130  8:31  Missile Turret  
  130  8:33  Supply Depot  
  130  8:37  SCV x2  
  130  8:38  SCV  
  130  8:39  Missile Turret  
  130  8:40  Missile Turret  
  132  8:46  Hellion x2  
  135  8:53  Siege Tank x2  
  136  9:00  Banshee  
  137  9:09  SCV x2  
  139  9:14  Hellion x2  
  139  9:15  Infernal Pre-Igniter, Supply Depot x2, Factory Tech Lab x2  
  115  9:26  Siege Tank  
  115  9:28  SCV  
  115  9:30  SCV  
  97  9:35  Hellion  
  97  9:36  Hellion  
  100  9:39  Missile Turret x2, SCV  
  100  9:40  SCV  
  100  9:42  Banshee  
  105  9:45  Siege Tank  
  105  9:50  Hellion  
  102  9:53  SCV  
  102  9:55  SCV  
  104  10:02  Hellion x2, Siege Tank x2  
  104  10:03  Command Center  
  114  10:10  Supply Depot  
  114  10:13  Supply Depot x2  
  114  10:20  Supply Depot  
  114  10:21  Factory, Siege Tank  
  117  10:23  Hellion  
  117  10:24  Hellion, Siege Tank  
  117  10:25  Raven  
  126  10:34  Siege Tank  
  126  10:35  Supply Depot  
  129  10:37  Factory  
  129  10:38  SCV x2  
  129  10:39  SCV  
  132  10:44  Siege Tank  
  132  10:45  Hellion x2  
  132  10:46  Supply Depot  
  139  10:50  SCV  
  139  10:51  SCV  
  141  10:57  Terran Vehicle Weapons Level 2  
  141  11:01  Terran Vehicle And Ship Armor Level 2  
  141  11:03  Missile Turret  
  141  11:04  Missile Turret x2  
  141  11:07  Factory Reactor, Hellion x2  
  141  11:10  Banshee  
  148  11:15  SCV  
  146  11:29  Cyclone x2, Hellion x2  
  156  11:35  Cyclone  
  156  11:37  Factory Tech Lab  
  157  11:42  Mag-Field Accelerator  
  157  11:48  Refinery x2  
  157  11:50  Hellion  
  157  11:51  Missile Turret  
  157  11:52  Hellion  
  157  11:53  Banshee, Command Center  
  166  11:54  Hellion  
  166  11:57  Planetary Fortress  
  166  12:03  Siege Tank  
  169  12:09  Siege Tank  
  169  12:14  Hellion, Siege Tank  
  177  12:21  Hellion, Siege Tank  
  177  12:22  Hellion x2  
  171  12:54  Sensor Tower  
  171  12:56  Hellion x4, Siege Tank x2  
  171  12:57  Siege Tank x2  
  191  13:01  Missile Turret  
  191  13:04  Hellion  
  180  13:17  Hellion  
  180  13:18  Hellion  
  183  13:25  Siege Tank  
  176  13:27  Hellion x2  
  176  13:37  Thor x2  
  188  13:43  Hellion  
  187  14:02  Hellion  
  177  14:05  Cyclone, Hellion, Siege Tank x2  
  180  14:18  SCV x2  
  180  14:20  Cyclone, Hellion  
Tags
 
Add a new tag
Caveats
  • Supply blocks, unpowered buildings, or Contaminate may cause inaccurate times.
  • Supply counts are checked every 10 seconds.